| TOP OF THE 1ST |
|
University of Georgia Bulldogs batting - Pitching for University of Maine Black Bears : RHP Johnny Becerra
|
|
Pitching: RHP Johnny Becerra
|
|
|
Batting: RHB Justin Szymczyk
|
0-0: Called Strike 0-1: Foul Ball, location: 2F 0-2: Ball 1-2: Ground out 6-3 (Groundball, 6, EV 76.9 MPH)
|
|
Batting: LHB Cole Sanchez
|
0-0: Ball 1-0: Ball 2-0: Foul Ball, location: 2F 2-1: Ball 3-1: Base on Balls
|
|
Batting: LHB Milton Yeo
|
0-0: Ball 1-0: Foul Ball, location: 2F 1-1: Grounds into double play, 5-4-3 (Groundball, 56S, EV 88.1 MPH)
|
| Top of the 1st over - 0 runs, 0 hits, 0 errors, 0 left on base; University of Georgia 0 - University of Maine 0 |
| BOTTOM OF THE 1ST |
|
University of Maine Black Bears batting - Pitching for University of Georgia Bulldogs : RHP Norbaer Oomen
|
|
Pitching: RHP Norbaer Oomen
|
|
|
Batting: RHB Wang Huan
|
0-0: Called Strike 0-1: Ball 1-1: Called Strike 1-2: Strikes out looking
|
|
Batting: RHB Geoffrey Gonzalez
|
0-0: Ball 1-0: Foul Ball, location: 2F 1-1: Foul Ball, location: 2F 1-2: Fly out, F7 (Flyball, 78S, EV 84.4 MPH)
|
|
Batting: LHB Ed Leighton
|
0-0: Ball 1-0: Foul Ball, location: 2F 1-1: Foul Ball, location: 2F 1-2: Ball 2-2: Ball 3-2: Strikes out swinging
|
| Bottom of the 1st over - 0 runs, 0 hits, 0 errors, 0 left on base; University of Georgia 0 - University of Maine 0 |
| TOP OF THE 2ND |
|
University of Georgia Bulldogs batting - Pitching for University of Maine Black Bears : RHP Johnny Becerra
|
|
Batting: RHB Murilo Cunha
|
0-0: Called Strike 0-1: Ball 1-1: Fly out, F7 (Flyball, 78M, EV 88.1 MPH)
|
|
Batting: RHB Rodolfo Solis
|
0-0: Ball 1-0: Called Strike 1-1: Fly out, F1 (Popup, P, EV 86.9 MPH)
|
|
Batting: LHB Sloan Rayner
|
0-0: Ball 1-0: Ball 2-0: Ball 3-0: Base on Balls
|
|
Batting: RHB Rich Gold
|
0-0: Ground out 1-3 (Groundball, 23, EV 71.2 MPH)
|
| Top of the 2nd over - 0 runs, 0 hits, 0 errors, 1 left on base; University of Georgia 0 - University of Maine 0 |
| BOTTOM OF THE 2ND |
|
University of Maine Black Bears batting - Pitching for University of Georgia Bulldogs : RHP Norbaer Oomen
|
|
Batting: LHB Taro Inamine
|
0-0: Called Strike 0-1: Swinging Strike 0-2: Ball 1-2: Ball 2-2: Foul Ball, location: 2F 2-2: SOLO HOME RUN (Flyball, 9LD, EV 96.9 MPH), Distance : 366 ft
|
|
Batting: LHB John Bergeron
|
0-0: Ball 1-0: Swinging Strike 1-1: Ball 2-1: Foul Ball, location: 2F 2-2: Ball 3-2: Strikes out swinging
|
|
Batting: LHB John Knox
|
0-0: Ball 1-0: Ball 2-0: Ball 3-0: Called Strike 3-1: Base on Balls
|
|
Batting: RHB Rewa Havika
|
0-0: Ball 1-0: Ball 2-0: SINGLE (Groundball, 34S, EV 70.6 MPH) (infield hit) John Knox to second
|
|
Batting: RHB Scott Snyder
|
0-0: Called Strike 0-1: Swinging Strike 0-2: Foul Ball, location: 2F 0-2: Strikes out swinging
|
|
Batting: RHB Pita Arnurna
|
0-0: Ball 1-0: Called Strike 1-1: Called Strike 1-2: Strikes out looking
|
| Bottom of the 2nd over - 1 run, 2 hits, 0 errors, 2 left on base; University of Georgia 0 - University of Maine 1 |
| TOP OF THE 3RD |
|
University of Georgia Bulldogs batting - Pitching for University of Maine Black Bears : RHP Johnny Becerra
|
|
Batting: LHB Luis Mejia
|
0-0: Foul Ball, location: 2F 0-1: Foul Ball, location: 2F 0-2: Strikes out looking
|
|
Batting: RHB James Warby
|
0-0: Called Strike 0-1: Called Strike 0-2: Strikes out swinging
|
|
Batting: RHB Justin Szymczyk
|
0-0: Ground out 5-3 (Groundball, 56, EV 90.0 MPH)
|
| Top of the 3rd over - 0 runs, 0 hits, 0 errors, 0 left on base; University of Georgia 0 - University of Maine 1 |
| BOTTOM OF THE 3RD |
|
University of Maine Black Bears batting - Pitching for University of Georgia Bulldogs : RHP Norbaer Oomen
|
|
Batting: RHB Wang Huan
|
0-0: Ball 1-0: Fly out, F9 (Flyball, 9, EV 86.9 MPH)
|
|
Batting: RHB Geoffrey Gonzalez
|
0-0: Called Strike 0-1: Ball 1-1: Foul Ball, location: 2F 1-2: Foul Ball, location: 2F 1-2: Foul Ball, location: 2F 1-2: Foul Ball, location: 2F 1-2: Strikes out looking
|
|
Batting: LHB Ed Leighton
|
0-0: Ball 1-0: Ball 2-0: Foul Ball, location: 2F 2-1: Foul Ball, location: 2F 2-2: Strikes out swinging
|
| Bottom of the 3rd over - 0 runs, 0 hits, 0 errors, 0 left on base; University of Georgia 0 - University of Maine 1 |
| TOP OF THE 4TH |
|
University of Georgia Bulldogs batting - Pitching for University of Maine Black Bears : RHP Johnny Becerra
|
|
Batting: LHB Cole Sanchez
|
0-0: Called Strike 0-1: Ball 1-1: Ball 2-1: Single, Error in OF, E9, batter to second base (Groundball, 34D, EV 103.1 MPH)
|
|
Batting: LHB Milton Yeo
|
0-0: Ball Wild Pitch! Cole Sanchez to third 1-0: Reached on error, E4 (Groundball, 4, EV 86.9 MPH) Cole Sanchez scores
|
|
Batting: RHB Murilo Cunha
|
Pickoff Throw to First - Out! 1-3 CS 0-0: Ball 1-0: Ball 2-0: Ball 3-0: Base on Balls
|
|
Batting: RHB Rodolfo Solis
|
0-0: Ball Murilo Cunha steals 2nd, throwing error, E2 Murilo Cunha to third 1-0: Ground out 4-3 (Groundball, 4, EV 95.0 MPH) Murilo Cunha scores
|
|
Batting: LHB Sloan Rayner
|
0-0: Ball 1-0: Ground out U3 (Groundball, 34, EV 78.1 MPH)
|
| Top of the 4th over - 2 runs, 1 hit, 3 errors, 0 left on base; University of Georgia 2 - University of Maine 1 |
| BOTTOM OF THE 4TH |
|
University of Maine Black Bears batting - Pitching for University of Georgia Bulldogs : RHP Norbaer Oomen
|
|
Batting: LHB Taro Inamine
|
0-0: Called Strike 0-1: Ball 1-1: Foul Ball, location: 2F 1-2: Strikes out swinging
|
|
Batting: LHB John Bergeron
|
0-0: Ball 1-0: Ball 2-0: Ball 3-0: Foul Ball, location: 2F 3-1: Foul Ball, location: 2F 3-2: Foul Ball, location: 2F 3-2: Strikes out swinging
|
|
Batting: LHB John Knox
|
0-0: Foul Ball, location: 2F 0-1: Foul Ball, location: 2F 0-2: Ball 1-2: Ball 2-2: Strikes out looking
|
| Bottom of the 4th over - 0 runs, 0 hits, 0 errors, 0 left on base; University of Georgia 2 - University of Maine 1 |
| TOP OF THE 5TH |
|
University of Georgia Bulldogs batting - Pitching for University of Maine Black Bears : RHP Johnny Becerra
|
|
Batting: RHB Rich Gold
|
0-0: Called Strike 0-1: Ball 1-1: Ball 2-1: Fly out, F5 (Popup, 5F, EV 53.1 MPH)
|
|
Batting: LHB Luis Mejia
|
0-0: Ball 1-0: Called Strike 1-1: Ground out 4-3 (Groundball, 4, EV 89.4 MPH)
|
|
Batting: RHB James Warby
|
0-0: Ball 1-0: Ball 2-0: Ball 3-0: Called Strike 3-1: Foul Ball, location: 2F 3-2: Strikes out swinging
|
| Top of the 5th over - 0 runs, 0 hits, 0 errors, 0 left on base; University of Georgia 2 - University of Maine 1 |
| BOTTOM OF THE 5TH |
|
University of Maine Black Bears batting - Pitching for University of Georgia Bulldogs : RHP Norbaer Oomen
|
|
Batting: RHB Rewa Havika
|
0-0: Ground out 5-3 (Groundball, 56D, EV 82.5 MPH)
|
|
Batting: RHB Scott Snyder
|
0-0: Foul Ball, location: 2F 0-1: Ball 1-1: Swinging Strike 1-2: Strikes out swinging
|
|
Batting: RHB Pita Arnurna
|
0-0: Ball 1-0: Ball 2-0: Called Strike 2-1: Called Strike 2-2: Foul Ball, location: 2F 2-2: Ball 3-2: Foul Ball, location: 2F 3-2: Foul Ball, location: 2F 3-2: Reached on error, E4 (Groundball, 4D, EV 109.4 MPH)
|
|
Pitching: RHP Jesse Moritz
|
|
|
Batting: RHB Wang Huan
|
0-0: Ground out 6-3 (Groundball, 6, EV 78.1 MPH)
|
| Bottom of the 5th over - 0 runs, 0 hits, 1 error, 1 left on base; University of Georgia 2 - University of Maine 1 |
| TOP OF THE 6TH |
|
University of Georgia Bulldogs batting - Pitching for University of Maine Black Bears : RHP Johnny Becerra
|
|
Batting: RHB Justin Szymczyk
|
0-0: Swinging Strike 0-1: Called Strike 0-2: Ball 1-2: Foul Ball, location: 2F 1-2: Foul Ball, location: 2F 1-2: Strikes out swinging
|
|
Batting: LHB Cole Sanchez
|
0-0: Called Strike 0-1: Foul Ball, location: 2F 0-2: Strikes out swinging
|
|
Batting: LHB Milton Yeo
|
0-0: Called Strike 0-1: Swinging Strike 0-2: Ball 1-2: Strikes out swinging
|
| Top of the 6th over - 0 runs, 0 hits, 0 errors, 0 left on base; University of Georgia 2 - University of Maine 1 |
| BOTTOM OF THE 6TH |
|
University of Maine Black Bears batting - Pitching for University of Georgia Bulldogs : RHP Jesse Moritz
|
|
Batting: RHB Geoffrey Gonzalez
|
0-0: Ground out 3-1 (Groundball, 34, EV 109.4 MPH)
|
|
Batting: LHB Ed Leighton
|
0-0: Ground out 4-3 (Groundball, 4, EV 86.9 MPH)
|
|
Batting: LHB Taro Inamine
|
0-0: Called Strike 0-1: Foul Ball, location: 2F 0-2: Foul Ball, location: 2F 0-2: Ball 1-2: Ball 2-2: Foul Ball, location: 2F 2-2: Strikes out swinging
|
| Bottom of the 6th over - 0 runs, 0 hits, 0 errors, 0 left on base; University of Georgia 2 - University of Maine 1 |
| TOP OF THE 7TH |
|
University of Georgia Bulldogs batting - Pitching for University of Maine Black Bears : RHP Johnny Becerra
|
|
Batting: RHB Murilo Cunha
|
0-0: Called Strike 0-1: Ball 1-1: Ball 2-1: Ground out 4-3 (Groundball, 4M, EV 80.0 MPH)
|
|
Batting: RHB Rodolfo Solis
|
0-0: Foul Ball, location: 2F 0-1: Fly out, F9 (Line Drive, 9, EV 88.1 MPH)
|
|
Batting: LHB Sloan Rayner
|
0-0: Called Strike 0-1: Ball 1-1: SINGLE (Groundball, 4MD, EV 103.8 MPH)
|
|
Pitching: RHP Chris Hill
|
|
|
Batting: LHB Andy Dyer
|
0-0: Ball 1-0: Foul Ball, location: 2F 1-1: Called Strike Sloan Rayner is caught stealing 2nd base 2-6
|
| Top of the 7th over - 0 runs, 1 hit, 0 errors, 0 left on base; University of Georgia 2 - University of Maine 1 |
| BOTTOM OF THE 7TH |
|
University of Maine Black Bears batting - Pitching for University of Georgia Bulldogs : RHP Jesse Moritz
|
|
Batting: LHB John Bergeron
|
0-0: Called Strike 0-1: Foul Ball, location: 2F 0-2: Foul Ball, location: 2F 0-2: Ball 1-2: Ball 2-2: Ball 3-2: Foul Ball, location: 2F 3-2: Fly out, F5 (Line Drive, 5, EV 77.5 MPH)
|
|
Batting: LHB John Knox
|
0-0: Foul Ball, location: 2F 0-1: Ball 1-1: Ground out 5-3 (Groundball, 56S, EV 78.8 MPH)
|
|
Batting: RHB Rewa Havika
|
0-0: Ball 1-0: Foul Ball, location: 2F 1-1: Ball 2-1: Swinging Strike 2-2: Ball 3-2: Reached on error, E1 (Groundball, 13S, EV 69.4 MPH)
|
|
Batting: RHB Scott Snyder
|
0-0: Ball 1-0: Ball 2-0: Swinging Strike 2-1: Ball 3-1: Foul Ball, location: 2F Balk! Rewa Havika to third 3-2: Base on Balls
|
|
Batting: RHB Pita Arnurna
|
0-0: Called Strike 0-1: Ground out U3 (Groundball, 3, EV 85.6 MPH)
|
| Bottom of the 7th over - 0 runs, 0 hits, 1 error, 2 left on base; University of Georgia 2 - University of Maine 1 |
| TOP OF THE 8TH |
|
University of Georgia Bulldogs batting - Pitching for University of Maine Black Bears : RHP Chris Hill
|
|
Batting: LHB Andy Dyer
|
0-0: Called Strike 0-1: Ball 1-1: Foul Ball, location: 2F 1-2: Strikes out swinging
|
|
Batting: LHB Luis Mejia
|
0-0: Ball 1-0: Called Strike 1-1: Ball 2-1: Ball 3-1: Base on Balls
|
|
Batting: RHB James Warby
|
0-0: Foul Ball, location: 2F 0-1: Called Strike 0-2: Foul Ball, location: 2F 0-2: Strikes out swinging
|
|
Batting: RHB Justin Szymczyk
|
0-0: Ball 1-0: Ball 2-0: Called Strike 2-1: Swinging Strike 2-2: Strikes out swinging
|
| Top of the 8th over - 0 runs, 0 hits, 0 errors, 1 left on base; University of Georgia 2 - University of Maine 1 |
| BOTTOM OF THE 8TH |
|
University of Maine Black Bears batting - Pitching for University of Georgia Bulldogs : RHP Jesse Moritz
|
|
Pitching: LHP Andres Caceres
|
|
|
Batting: RHB Wang Huan
|
0-0: Ball 1-0: SINGLE (Groundball, 4M, EV 95.6 MPH) (infield hit)
|
|
Pitching: LHP Aloiki Orana
|
|
|
Batting: RHB Geoffrey Gonzalez
|
0-0: Bunt - Flyout to 23! F3
|
|
Batting: LHB Ed Leighton
|
0-0: Foul Ball, location: 2F 0-1: Ball 1-1: Called Strike 1-2: Strikes out swinging
|
|
Batting: LHB Taro Inamine
|
0-0: Called Strike 0-1: Swinging Strike 0-2: Strikes out swinging
|
| Bottom of the 8th over - 0 runs, 1 hit, 0 errors, 1 left on base; University of Georgia 2 - University of Maine 1 |
| TOP OF THE 9TH |
|
University of Georgia Bulldogs batting - Pitching for University of Maine Black Bears : RHP Chris Hill
|
|
Pitching: RHP Chance Crawford
|
|
|
Batting: LHB Cole Sanchez
|
0-0: Foul Ball, location: 2F 0-1: Ball 1-1: DOUBLE (Flyball, 89D, EV 89.4 MPH)
|
|
Batting: LHB Milton Yeo
|
0-0: Ball 1-0: Foul Ball, location: 2F 1-1: Called Strike 1-2: Foul Ball, location: 2F 1-2: Strikes out looking
|
|
Batting: RHB Murilo Cunha
|
0-0: Fly out, F9 (Flyball, 9D, EV 97.5 MPH) Runner from 2nd tags up, SAFE at 3rd, no throw by RF
|
|
Batting: RHB Rodolfo Solis
|
0-0: Ball 1-0: Swinging Strike 1-1: Ball 2-1: Ground out 4-3 (Groundball, 4, EV 106.9 MPH)
|
| Top of the 9th over - 0 runs, 1 hit, 0 errors, 1 left on base; University of Georgia 2 - University of Maine 1 |
| BOTTOM OF THE 9TH |
|
University of Maine Black Bears batting - Pitching for University of Georgia Bulldogs : LHP Aloiki Orana
|
|
Pitching: RHP Bill Maher
|
|
|
Now at 1B: Sloan Rayner
|
|
|
Now in LF: Edwin Zavala
|
|
|
Now in RF: Cole Sanchez
|
|
|
Batting: LHB John Bergeron
|
0-0: Foul Ball, location: 2F 0-1: Called Strike 0-2: Ball 1-2: Foul Ball, location: 2F 1-2: Strikes out swinging
|
|
Batting: LHB John Knox
|
0-0: Ball 1-0: Foul Ball, location: 2F 1-1: Foul Ball, location: 2F 1-2: Foul Ball, location: 2F 1-2: Strikes out swinging
|
|
Batting: RHB Rewa Havika
|
0-0: Ground out 4-3 (Groundball, 4, EV 83.8 MPH)
|
| Bottom of the 9th over - 0 runs, 0 hits, 0 errors, 0 left on base; University of Georgia 2 - University of Maine 1 |
|